 Dungeon Crawl Stone Soup version 0.29-a0-2-g12fcac58f8 (webtiles) character file.

Game seed: 8889626086680253451

1803 BubbleThief the Insei (level 8, 0/66 HPs)
             Began as a Demigod Transmuter on Jan 26, 2022.
             Slain by Joseph (5 damage)
             ... on level 7 of the Dungeon.
             The game lasted 00:12:08 (7601 turns).

BubbleThief the Insei (Demigod Transmuter)          Turns: 7601, Time: 00:12:09

Health: 0/66       AC:  2    Str: 11    XL:     8   Next: 53%
Magic:  13/15      EV: 23    Int: 19    God:
Gold:   323        SH:  0    Dex: 23    Spells: 5/13 levels left

rFire   . . .      SeeInvis .     - Unarmed
rCold   . . .      Faith    .   (shield currently unavailable)
rNeg    . . .      Spirit   .   (armour currently unavailable)
rPois   x          Reflect  .   (helmet currently unavailable)
rElec   .          Harm     .   (cloak currently unavailable)
rCorr   +          Rampage  .   (gloves currently unavailable)
Will    .....                   (boots currently unavailable)
Stlth   ++........              (no amulet)
HPRegen 0.21/turn               v - ring of resist corrosion
MPRegen 0.14/turn               (no ring)

@: spider-form
A: venomous fangs, tiny, high mp 1, forlorn, divine attributes
a: End Transformation


You were on level 7 of the Dungeon.
You were a venomous arachnid creature.
You visited 1 branch of the dungeon, and saw 7 of its levels.
You also visited: Sewer.

You collected 323 gold pieces.

Inventory:

Armour
 a - a +0 robe (melded)
 i - a +2 pair of gloves (melded)
 n - a +2 cloak (melded)
 x - a +0 pair of boots (melded)
Jewellery
 v - a ring of resist corrosion (left front leg)
Wands
 g - a wand of charming (12)
 o - a wand of paralysis (6)
 r - a wand of flame (20)
 y - a wand of polymorph (6)
Scrolls
 b - 8 scrolls of identify {unknown}
 c - a scroll of enchant armour {unknown}
 d - a scroll of silence {unknown}
 e - 5 scrolls of vulnerability {unknown}
 m - a scroll of holy word {unknown}
 q - a scroll of torment {unknown}
 s - a scroll of enchant weapon {unknown}
 t - 3 scrolls of fear {unknown}
Potions
 f - 2 potions of curing {unknown}
 h - 2 potions of haste {unknown}
 j - 2 potions of flight
 k - 3 potions of heal wounds
 l - a potion of ambrosia {unknown}
 p - 3 potions of mutation {unknown}
 u - a potion of lignification {unknown}
 w - 3 potions of magic {unknown}


   Skills:
 + Level 3.9 Fighting
 + Level 4.8 Dodging
 - Level 2.0 Stealth
 + Level 6.1 Unarmed Combat
 - Level 3.0 Spellcasting
 + Level 5.4 Transmutations
 - Level 1.3 Poison Magic


You had 5 spell levels left.
You knew the following spells:

 Your Spells              Type           Power      Damage    Failure   Level
a - Beastly Appendage     Tmut           46%        N/A       7%          1
b - Spider Form           Tmut/Pois      15%        N/A       28%         3
c - Ice Form              Ice/Tmut       13%        N/A       67%         4

Your spell library contained the following spells:

 Spells                   Type           Power      Damage    Failure   Level
 Wereblood                Tmut           23%        N/A       10%         2
 Sublimation of Blood     Necr           2%         N/A       43%         2
 Summon Hydra             Summ           1%         N/A       100%        7


Dungeon Overview and Level Annotations

Branches:
Dungeon (7/15)             Temple (0/1) D:7           Sewer (visited)

Shops:
D:1 :

Annotations:
D:5 3 runed translucent doors, Clumpoid's ghost, novice GnIE
D:7 Joseph


Innate Abilities, Weirdness & Mutations

You are a venomous arachnid creature.
You have poisonous fangs.
You are tiny and dextrous.
Your spellcasting is less reliable in this form.
Your armour is entirely melded.
You are incapable of wielding weapons or throwing items.
You have an increased reservoir of magic. (+10% MP)
You shall have no god before yourself.
Your divine heritage dramatically boosts your attributes as you level up.


Message History

Found 17 gold pieces.
Your transformation is almost over.
Joseph shoots a sling bullet.
The sling bullet hits you!
* * * LOW HITPOINT WARNING * * *
You see here 17 gold pieces.
Your transformation has ended.
Your +2 cloak unmelds from your body.
Your +2 pair of gloves unmelds from your body.
Your +0 pair of boots unmelds from your body.
Your +0 robe unmelds from your body.
You open the door.
There is an open door here.
Unknown command.
As you open the door, it creaks loudly!
There is an open door here.
Joseph shoots a sling bullet.
The sling bullet barely misses you.
You close the door.
Casting: Spider Form (dangerous; 12% risk of failure)
Confirm with . or Enter, or press ? or * to list all spells.
You turn into a venomous arachnid creature.
Your +2 cloak melds into your body.
Your +2 pair of gloves melds into your body.
Your +0 pair of boots melds into your body.
Your +0 robe melds into your body.
You start resting.
Something unseen opens the door.
Joseph unwields a +0 hunting sling.
Joseph wields a +0 quarterstaff.
Joseph misses you.
There is an open door here.
You barely miss Joseph.
Joseph is severely wounded.
You hit Joseph but do no damage.
Joseph is poisoned.
Joseph is severely wounded.
Joseph hits you with a +0 quarterstaff!
* * * LOW HITPOINT WARNING * * *
You hit Joseph.
Joseph looks even sicker.
Joseph is severely wounded.
Joseph says, "You will never get the ORB, sorry."
Joseph hits you with a +0 quarterstaff.
You die...

.........# #...#@..#..).##88
.........########...#...#....##..
#####....#.....##...#...#....##.8
#....'.....#....#...#....##..
#....#.....#...##..##....##88
..##....#.....##..##..########..
..._#....#.....##...#...........#
...##....#......#...'...........#
..8##.<..#......s...#...........#
8## #....#......#@..#...........#
# #....#....###..##'###.......#
#....######....#.......#
#.........#....#.......#
#.........+....#########
#######...#....# ####'##....#
#.....#....#


You could see Joseph (very poisoned).

Vanquished Creatures
  Menkaure (D:5)
  A water moccasin (D:5)
  4 ogres
  2 centaurs
  A phantom (D:7)
  A bullfrog (D:6)
  2 kobold brigands (Sewer)
  Blork the orc (D:4)
  A wyvern zombie (D:7)
  A wyvern skeleton (D:6)
  A bullfrog zombie (D:6)
  2 centaur zombies (D:7)
  3 orc priests
  2 hounds
  Jessica (D:2)
  Terence (D:2)
  2 iguanas (D:6)
  2 orc wizards
  4 gnolls (D:6)
  6 adders
  2 river rats (Sewer)
  An ufetubus (D:6)
  An adder skeleton (D:4)
  2 worms
  3 dart slugs
  17 orcs
  2 bats (D:1)
  3 endoplasms
  9 giant cockroaches
  4 goblins
  7 hobgoblins
  A jackal (Sewer)
  12 kobolds
  6 quokkas
  7 ball pythons
  2 frilled lizards (D:2)
  14 rats
132 creatures vanquished.

Notes
Turn   | Place    | Note
-------+----------+-------------------------------------------
     0 | D:1      | BubbleThief the Demigod Transmuter began the quest for the
                  | Orb.
     0 | D:1      | Reached XP level 1. HP: 15/15 MP: 5/5
    33 | D:1      | Found Meik's Book Shop.
   293 | D:1      | Reached skill level 3 in Unarmed Combat
   348 | D:1      | Reached XP level 2. HP: 22/22 MP: 5/7
   627 | D:1      | You fall into a shaft and drop 1 floor!
  1149 | D:2      | Reached XP level 3. HP: 27/27 MP: 6/8
  1196 | D:2      | Noticed Terence
  1202 | D:2      | Learned a level 3 spell: Spider Form
  1228 | D:2      | Killed Terence
  1229 | D:2      | Reached skill level 1 in Fighting
  1738 | D:2      | Reached XP level 4. HP: 22/35 MP: 7/9
  1935 | D:2      | Noticed Jessica
  1941 | D:2      | Killed Jessica
  2264 | D:3      | Found a glowing drain.
  2300 | D:3      | Reached skill level 1 in Stealth
  2313 | Sewer    | Entered a sewer
  2583 | Sewer    | Noticed a kobold brigand
  2585 | Sewer    | Noticed a kobold brigand
  2625 | Sewer    | Killed a kobold brigand
  2626 | Sewer    | Reached skill level 4 in Unarmed Combat
  2626 | Sewer    | Reached XP level 5. HP: 27/40 MP: 1/10
  3767 | D:4      | Reached XP level 6. HP: 39/47 MP: 5/11
  3770 | D:4      | Reached skill level 1 in Poison Magic
  4166 | D:4      | Noticed Blork the orc
  4174 | D:4      | Killed Blork the orc
  4726 | D:5      | Entered Level 5 of the Dungeon
  4726 | D:5      | Noticed a water moccasin
  4733 | D:5      | Killed a water moccasin
  4912 | D:5      | Noticed Menkaure
  4934 | D:5      | Killed Menkaure
  4935 | D:5      | Reached skill level 5 in Unarmed Combat
  4935 | D:5      | Reached XP level 7. HP: 29/55 MP: 9/13
  5234 | D:5      | Found a runed translucent gate.
  5234 | D:5      | Found a runed translucent gate.
  5234 | D:5      | Found a runed translucent gate.
  5240 | D:5      | Noticed Clumpoid's ghost (novice GnIE)
  5695 | D:5      | Learned a level 4 spell: Ice Form
  6189 | D:6      | Reached XP level 8. HP: 52/62 MP: 11/15
  6875 | D:7      | Reached skill level 5 in Transmutations
  6984 | D:7      | Noticed Joseph
  7006 | D:7      | Reached skill level 6 in Unarmed Combat
  7353 | D:7      | Found a staircase to the Ecumenical Temple.
  7601 | D:7      | Slain by Joseph

Illustrated notes

Levels and vault maps discovered:
D:1:      lightli_arrival_chessboard, layout_basic, serial_shops,
          nicolae_shop_stone
D:2:      layout_rooms, uniq_jessica, uniq_terence
D:3:      layout_loops_ring, gup_sewer_entry_glass
D:4:      layout_loops_ring, uniq_blork_the_orc
D:5:      layout_cave_pools, zin_treasury, ashenzari_altar_1,
          nicolae_overflow_quartered_altars, ebering_ghost_gozag, uniq_menkaure
D:6:      layout_basic, mainiacjoe_overflow_paths, grunt_ministairs_15
D:7:      layout_gridville, nicolae_overflow_hidden_temple, temple_green,
          minmay_misc_feat_diagonals, small_statue_alley_b,
          minmay_misc_feat_cross, uniq_crazy_yiuf_cottage, uniq_joseph,
          uniq_prince_ribbit1

Skill      XL: |  1  2  3  4  5  6  7  8 |
---------------+-------------------------+-----
Unarmed Combat | 3 4 5 6 |  6.1
Dodging        | 2 3 4 |  4.8
Transmutations | 2 3 4 5 |  5.4
Fighting       | 1 2 3 |  3.9
Stealth        | 1 2 |  2.0
Poison Magic   | 1 |  1.3
Spellcasting   | 2 3 |  3.0

Action                   |  1- 3 |  4- 6 |  7- 9 || total
-------------------------+-------+-------+-------++-------
Melee: Unarmed           |   108 |   158 |   179 ||   445
       Kick              |    25 |    21 |    28 ||    74
       Headbutt          |    10 |    22 |     9 ||    41
       Punch             |     1 |     1 |     7 ||     9
 Cast: Beastly Appendage |    24 |    28 |    15 ||    67
       Spider Form       |     1 |     7 |    12 ||    20
 Stab: Sleeping          |     1 |     2 |       ||     3
Armor: Robe              |    26 |    26 |    34 ||    86
       Skin              |       |     2 |     2 ||     4
Dodge: Dodged            |    55 |   108 |   164 ||   327

Table legend: (Time is in decaauts)
 A = Elapsed time spent in this place.
 B = Non-inter-level travel time spent in this place.
 C = Inter-level travel time spent in this place.
 D = Time resting spent in this place.
 E = Time spent auto-exploring this place.
 F = Levels seen in this place.
 G = Mean time per level.
                   A        B        C        D        E       F      G
               +--------+--------+--------+--------+--------+-----+--------+
         Total |   7634 |   7553 |     81 |    586 |   5627 |   8 |  954.2 |
       Dungeon |   6806 |   6725 |     81 |    152 |   5429 |   7 |  972.3 |
         Sewer |    827 |    827 |      0 |    434 |    197 |   1 |  827.0 |
               +--------+--------+--------+--------+--------+-----+--------+

Top non-repeatable levels by time:
     D:1: 1059 daAuts
     D:6: 1042 daAuts
     D:4: 1006 daAuts
     D:5: 972 daAuts
     D:2: 945 daAuts
     D:3: 943 daAuts
     D:7: 837 daAuts
   Sewer: 827 daAuts
